 Dungeon Crawl Stone Soup version 0.17.0 (webtiles) character file.

25311 tetracat the Grappler (level 12, -5/101 HPs)
             Began as a Pale Draconian Transmuter on Nov 9, 2015.
             Was a High Priest of Ru.
             Slain by a vault guard
             ... wielding a +0 battleaxe
              (25 damage)
             ... on level 14 of the Dungeon.
             The game lasted 00:33:54 (19374 turns).

tetracat the Grappler (Pale Draconian Transmuter)  Turns: 19374, Time: 00:33:55

Health: -5/101     AC: 13    Str: 15    XL:     12   Next: 88%
Magic:  0/14       EV: 19    Int: 17    God:    Ru [*****.]
Gold:   193        SH:  0    Dex: 11    Spells: 3 memorised, 5 levels left

rFire  . . .     SeeInvis .       - Unarmed
rCold  . . .     Rnd*Rage +     (armour unavailable)
rNeg   . . .     SustAt   .     (shield currently unavailable)
rPois  .         Gourm    .     (helmet restricted)
rElec  .         Spirit   +     y - +0 cloak
rCorr  .         Warding  .     (gloves currently unavailable)
rMut   .         Stasis   .     (no boots)
MR     .....                    r - amulet of guardian spirit
Stlth  +.........               A - +4 ring of protection
                                e - +4 ring of evasion

@: exhausted, about to teleport, short of breath, blade hands, very slightly
contaminated, drained, not resistant to hostile enchantments, very unstealthy
A: breathe steam, unfitting armour, berserk 1, cold-blooded, inability to use
devices, hated by all, unskilled 1, AC +8
a: Breathe Steam, End Transformation, Draw Out Power, Power Leap, Apocalypse,
Renounce Religion


You were on level 14 of the Dungeon.
You worshipped Ru.
Ru was extremely pleased with you.
You were very hungry.
You had blades for hands.
You visited 2 branches of the dungeon, and saw 15 of its levels.
You also visited: Ossuary.

You collected 898 gold pieces.
You spent 705 gold pieces at shops.

Inventory:

Missiles
 a - 245 arrows
 g - 13 poisoned arrows
 p - 25 arrows of frost
 D - 11 arrows of dispersal
Armour
 o - a cursed +0 pair of gloves (melded)
 y - a +0 cloak (worn)
Jewellery
 e - a +4 ring of evasion (left scythe-like blade)
 r - an amulet of guardian spirit (around neck)
 A - a +4 ring of protection (right scythe-like blade)
Scrolls
 h - 7 scrolls of remove curse
 i - 3 scrolls of magic mapping
 k - 3 scrolls of identify {unknown}
 l - a scroll of enchant armour {unknown}
 m - a scroll of fog
 n - 2 scrolls of teleportation
 t - 2 scrolls of blinking {unknown}
 v - a scroll of immolation {unknown}
 z - a scroll of brand weapon {unknown}
 B - a scroll of torment {unknown}
 C - 2 scrolls of enchant weapon
Potions
 d - 2 potions of agility
 f - 3 potions of magic
 q - 2 potions of curing
 E - a potion of mutation {unknown}
Books
 b - a book of Changes

   Spells                             Type                      Level
   a - Beastly Appendage              Transmutation                1
   b - Sticks to Snakes               Transmutation                2
   c - Spider Form                    Transmutation/Poison         3
   d - Ice Form                       Ice/Transmutation            4
   e - Blade Hands                    Transmutation                5
 w - a book of Fire

   Spells                             Type                      Level
   a - Ignite Poison                  Fire/Transmutation/Poison    3
   b - Fireball                       Conjuration/Fire             5
   c - Bolt of Fire                   Conjuration/Fire             6
   d - Delayed Fireball               Conjuration/Fire             7
   e - Ring of Flames                 Charms/Fire                  7
 x - a book of the Tempests

   Spells                             Type                      Level
   a - Static Discharge               Conjuration/Air              3
   b - Lightning Bolt                 Conjuration/Air              5
   c - Fireball                       Conjuration/Fire             5
   d - Tornado                        Air                          9
   e - Shatter                        Earth                        9
Comestibles
 c - 9 bread rations
 j - 6 meat rations
 u - 12 royal jellies


   Skills:
 - Level 7.7(6.8) Fighting
 + Level 9.2(8.3) Dodging
 + Level 12.5(11.5) Unarmed Combat
 - Level 1.7(1.0) Spellcasting
 + Level 10.2(9.3) Transmutations
 - Level 2.8(2.0) Poison Magic


You had 5 spell levels left.
You knew the following spells:

 Your Spells              Type           Power        Failure   Level  Hunger
a - Blade Hands           Trmt           ####......   54%         5    ######.
c - Spider Form           Trmt/Pois      ###.......   45%         3    ####...
d - Beastly Appendage     Trmt           ####..       12%         1    ##.....


Dungeon Overview and Level Annotations

Branches:
Dungeon (14/15)            Temple (1/1) D:5            Lair (0/8) D:10
    Orc (0/4) D:12         Vaults (0/5) D:14

Altars:
Ashenzari
Cheibriados
Dithmenos
Elyvilon
Fedhas
Gozag
Kikubaaqudgha
Makhleb
Nemelex Xobeh
Okawaru
Qazlal
Ru
Sif Muna
Trog
Vehumet
Xom
Yredelemnul
Zin
The Shining One

Shops:
D:9 =   D:11 *   D:13 !


Innate Abilities, Weirdness & Mutations

You can breathe blasts of scalding, opaque steam.
Your pale cyan-grey scales are hard (AC +8).
Your body does not fit into most forms of armour.
You are cold-blooded and may be slowed by cold attacks.
You cannot study or use magical devices.
You are hated by all.
You are somewhat unskilled (-1 Apt).
You tend to lose your temper in combat.


Message History

As you read the scroll of teleportation, it crumbles to dust.
You feel strangely unstable.
The vault guard hits you with a battleaxe.
* * * LOW HITPOINT WARNING * * *
You focus your will and illuminate the vault guard in retribution!
Press: ? - help, Shift-Dir - straight line, f - vault guard
Aim: a vault guard, wielding a great sword and wearing a chain mail (moderately wounded, blind)
You exhale a blast of scalding steam.
The ball of steam hits the vault guard.
The vault guard is lightly wounded.
The ball of steam hits the vault guard.
The vault guard is moderately wounded.
You feel somewhat more hungry.
The vault guard is engulfed in a cloud of scalding steam.
You redirect the vault guard's attack!
The vault guard hits the vault guard with a battleaxe.
The vault guard hits you with a battleaxe!
* * * LOW HITPOINT WARNING * * *
The vault guard is engulfed in a cloud of scalding steam.
The vault guard hits you with a battleaxe!!
You die...

...#.#.# #.##.#.#.# #........#
####.#.#####.#
...####.#.......#
.................. #
#####+######.###########.#
#.......####.#..p§p....#.#
+.......'....#.@ppp......#
#.......##############.#####...
#........[.)............p.pp.p.
######################.#####pp.
..... ...#.### #..!#.# #.. #.#
.... #.#


You could see 5 vault guards.

Vanquished Creatures
  Nessos (D:13)
  A fire dragon (D:11)
  Josephine (D:13)
  A vault guard (D:14)
  A hydra (D:13)
  Erica (D:8)
  6 hill giants
  3 manticores
  3 ugly things
  4 cyclopes
  2 kobold demonologists
  4 trolls
  A two-headed ogre (D:11)
  A polar bear (shapeshifter) (D:13)
  The ghost of notcluie the Skirmisher, an amateur DsWn of Nemelex Xobeh (D:4)
  A queen bee (D:10)
  Grinder (D:3)
  A slime creature (D:11)
  A shadow (D:11)
  4 wyverns
  6 yaks (D:11)
  A basilisk (D:11)
  5 wraiths
  A vampire mosquito (D:12)
  2 hungry ghosts
  3 hippogriffs
  2 water moccasins
  2 sky beasts
  2 wasps
  5 orc warriors
  5 black bears
  3 eyes of draining
  6 centaurs
  5 ogres
  A phantom (D:4)
  6 ice beasts
  A crocodile (D:13)
  5 big kobolds
  2 elf zombies (Ossuary)
  5 giant frogs
  A wyvern skeleton (D:13)
  3 scorpions
  4 spriggan skeletons (D:11)
  19 killer bees
  4 wights (D:13)
  8 crimson imps
  A quasit (D:5)
  5 centaur skeletons
  7 jellies
  11 orc priests
  Ijyb (D:2)
  3 centaur zombies
  A giant frog zombie (D:3)
  8 hounds
  2 iguanas
  11 orc wizards
  12 worker ants
  3 mummies
  3 worker ant zombies
  12 gnolls
  A shadow imp (D:6)
  18 adders
  3 adder skeletons
  6 worms
  3 giant geckos
  32 orcs
  4 ball pythons
  14 giant cockroaches
  6 gnoll zombies (Ossuary)
  7 goblins
  6 hobgoblins
  12 jackals
  2 quokkas
  7 bats
  4 giant newts
  3 goblin zombies
  2 hobgoblin zombies
  A jackal skeleton (D:4)
  17 kobolds
  2 orc zombies (Ossuary)
  4 rats
380 creatures vanquished.

Vanquished Creatures (collateral kills)
  A gnoll (D:2)
  A giant newt (D:2)
2 creatures vanquished.

Vanquished Creatures (others)
  A trapdoor spider (D:11)
  2 centaur skeletons
  A giant cockroach (D:3)
  2 plants (D:10)
6 creatures vanquished.

Grand Total: 388 creatures vanquished

Notes
Turn   | Place    | Note
--------------------------------------------------------------
     0 | D:1      | tetracat the Draconian Transmuter began the quest for the Orb.
     0 | D:1      | Reached XP level 1. HP: 16/16 MP: 3/3
   393 | D:1      | Reached XP level 2. HP: 23/23 MP: 3/5
  1060 | D:1      | Reached XP level 3. HP: 26/28 MP: 6/6
  1478 | D:2      | Found a faded altar to an unknown god.
  1587 | D:2      | Noticed Ijyb
  1620 | D:2      | Killed Ijyb
  1620 | D:2      | Reached skill level 4 in Unarmed Combat
  1620 | D:2      | Reached XP level 4. HP: 32/35 MP: 7/7
  1638 | D:2      | Learned a level 2 spell: Sticks to Snakes
  1642 | D:2      | Learned a level 3 spell: Spider Form
  2677 | D:3      | Reached XP level 5. HP: 38/40 MP: 6/8
  3258 | D:3      | Found a deep blue altar of Sif Muna.
  3634 | D:3      | Reached skill level 5 in Unarmed Combat
  3764 | D:3      | Noticed Grinder
  3784 | D:3      | Found a stormy altar of Qazlal.
  3786 | D:3      | Killed Grinder
  3786 | D:3      | Reached skill level 5 in Transmutations
  3786 | D:3      | Reached XP level 6. HP: 19/47 MP: 4/9
  4168 | D:4      | Noticed notcluie's ghost (amateur DsWn)
  4503 | D:4      | Found a sand-covered staircase.
  4519 | Ossuary  | Entered an ossuary
  4595 | Ossuary  | Reached skill level 6 in Unarmed Combat
  4607 | Ossuary  | Your scales start taking on a pale cyan-grey colour.
  4607 | Ossuary  | Reached XP level 7. HP: 30/52 MP: 5/10
  5221 | D:4      | Reached skill level 7 in Unarmed Combat
  5795 | D:4      | Killed notcluie's ghost
  5795 | D:4      | Reached XP level 8. HP: 38/59 MP: 8/11
  6034 | D:4      | Found an iron altar of Okawaru.
  6253 | D:5      | Entered Level 5 of the Dungeon
  6357 | D:5      | Reached skill level 8 in Unarmed Combat
  6357 | D:5      | Reached skill level 1 in Poison Magic
  6546 | D:5      | Found a staircase to the Ecumenical Temple.
  6566 | Temple   | Entered the Ecumenical Temple
  6686 | Temple   | Became a worshipper of Ru the Awakened
  8019 | D:6      | Gained mutation: You are hated by all. [Ru sacrifice]
  8019 | D:6      | Reached * piety under Ru
  8692 | D:7      | Reached XP level 9. HP: 64/71 MP: 8/12
  9190 | D:7      | Noticed a centaur skeleton
  9201 | D:7      | Killed a centaur skeleton
  9295 | D:7      | Reached skill level 9 in Unarmed Combat
  9732 | D:7      | Reached skill level 5 in Fighting
 10221 | D:8      | Noticed Erica
 10240 | D:8      | Killed Erica
 10322 | D:8      | Reached XP level 10. HP: 40/84 MP: 9/13
 10515 | D:8      | Gained mutation: You tend to lose your temper in combat. [mutagenic meat]
 11068 | D:8      | Reached skill level 5 in Dodging
 11068 | D:8      | Reached skill level 10 in Unarmed Combat
 11534 | D:9      | Gained mutation: You cannot study or use magical devices. [Ru sacrifice]
 11534 | D:9      | Reached ** piety under Ru
 11534 | D:9      | Reached *** piety under Ru
 11988 | D:9      | Learned a level 5 spell: Blade Hands
 12264 | D:9      | Found Goymay's Jewellery Shop.
 12292 | D:9      | Bought a +4 ring of protection for 576 gold pieces
 12432 | D:10     | Entered Level 10 of the Dungeon
 12781 | D:10     | Found a staircase to the Lair.
 13365 | D:10     | Reached skill level 11 in Unarmed Combat
 13629 | D:10     | Noticed a hill giant
 13637 | D:10     | Killed a hill giant
 13637 | D:10     | Reached XP level 11. HP: 95/95 MP: 10/14
 14190 | D:11     | Gained mutation: You are somewhat unskilled (-1 Apt). [Ru sacrifice]
 14190 | D:11     | Reduced skill Unarmed Combat to level 10
 14190 | D:11     | Reduced skill Spellcasting to level 1
 14190 | D:11     | Reached **** piety under Ru
 14190 | D:11     | Reached ***** piety under Ru
 14810 | D:11     | Noticed a hill giant
 14814 | D:11     | Noticed a hill giant
 14820 | D:11     | Killed a hill giant
 14826 | D:11     | Killed a hill giant
 15067 | D:11     | Noticed a fire dragon
 15080 | D:11     | Killed a fire dragon
 15080 | D:11     | Reached skill level 11 in Unarmed Combat
 16110 | D:11     | Noticed a hill giant
 16116 | D:11     | Killed a hill giant
 16116 | D:11     | Reached XP level 12. HP: 61/101 MP: 6/14
 16356 | D:11     | Found Ynaaguck's General Store.
 16439 | D:11     | Bought a scroll of magic mapping for 49 gold pieces
 17599 | D:12     | Found a staircase to the Orcish Mines.
 17667 | D:13     | Found Toeberasy's Distillery.
 17667 | D:13     | Noticed a seven-headed hydra
 17679 | D:13     | Killed a seven-headed hydra
 17688 | D:13     | Bought a potion of heal wounds for 80 gold pieces
 17957 | D:13     | Found a white marble altar of Elyvilon.
 18073 | D:13     | Reached skill level 12 in Unarmed Combat
 18174 | D:13     | Noticed Josephine
 18187 | D:13     | Killed Josephine
 18411 | D:13     | Noticed Nessos
 18448 | D:12     | Reached skill level 10 in Transmutations
 18772 | D:13     | Killed Nessos
 19348 | D:14     | Noticed a vault guard
 19348 | D:14     | Noticed a vault guard
 19348 | D:14     | Noticed a vault guard
 19349 | D:14     | Noticed a vault guard
 19349 | D:14     | Found a gate to the Vaults.
 19349 | D:14     | Noticed a vault guard
 19349 | D:14     | Noticed a vault guard
 19350 | D:14     | Noticed a vault guard
 19350 | D:14     | Noticed a vault guard
 19368 | D:14     | Killed a vault guard
 19374 | D:14     | Slain by a vault guard

Action                   |  1- 3 |  4- 6 |  7- 9 | 10-12 || total
-------------------------+-------+-------+-------+-------++-------
Melee: Unarmed           |   129 |   224 |   420 |   709 ||  1482
 Cast: Beastly Appendage |    14 |    20 |       |     1 ||    35
       Sticks to Snakes  |       |     5 |       |     1 ||     6
       Spider Form       |       |     8 |    65 |    51 ||   124
       Blade Hands       |       |       |       |    31 ||    31
Invok: Sacrifice Love    |       |       |     1 |       ||     1
       Sacrifice Artific |       |       |       |     1 ||     1
       Draw Out Power    |       |       |       |     4 ||     4
       Sacrifice Skill   |       |       |       |     1 ||     1
       Power Leap        |       |       |       |     2 ||     2
       Apocalypse        |       |       |       |     1 ||     1
       Reject Sacrifices |       |       |       |     1 ||     1
 Abil: Breathe Steam     |       |       |       |     1 ||     1
  Use: Scroll            |       |       |     7 |     3 ||    10
       Potion            |       |       |     1 |    10 ||    11
 Stab: Sleeping          |       |     1 |       |     3 ||     4
       Distracted        |       |       |     1 |     1 ||     2
       Invisible         |       |       |       |     7 ||     7
       Paralysed         |       |       |       |     3 ||     3
  Eat: Chunk             |     2 |    12 |    29 |    43 ||    86
       Pizza             |       |       |     1 |       ||     1
       Meat ration       |       |       |     1 |       ||     1
       Beef jerky        |       |       |     1 |       ||     1
       Fruit             |       |       |       |     5 ||     5
